 Dungeon Crawl Stone Soup version 0.23.1 (webtiles) character file.

Game seed: 5179466371434046747

132 Borgoz the Sneak (level 5, -1/41 HPs)
             Began as a Ghoul Enchanter on Mar 8, 2019.
             Slain by an orc
             ... wielding a +0 hand axe
              (3 damage)
             ... on level 3 of the Dungeon.
             The game lasted 00:03:45 (1716 turns).

Borgoz the Sneak (Ghoul Enchanter)                  Turns: 1716, Time: 00:03:46

Health: -1/41      AC:  4    Str: 12    XL:     5   Next: 15%
Magic:  6/6        EV: 12    Int: 10    God:
Gold:   92         SH:  0    Dex: 10    Spells: 6/7 levels left

rFire    . . .     SeeInvis .   a - +1 dagger
rCold    + . .     Gourm    .   (no shield)
rNeg     + + +     Faith    .   r - +0 leather armour
rPois    ∞         Spirit   .   (no helmet)
rElec    .         Reflect  .   (no cloak)
rCorr    .         Harm     .   p - +0 pair of gloves
MR       .....                  (no boots)
Stlth    ++........             (no amulet)
HPRegen  0.00/turn              (no ring)
MPRegen  0.10/turn              (no ring)

@: flying, rotting, hasted and slowed
A: rotting body, claws 1, carnivore, cold resistance 1, negative energy
resistance 3, inhibited regeneration, torment resistance, unbreathing
a: no special abilities


You were on level 3 of the Dungeon.
You were not hungry.

You visited 1 branch of the dungeon, and saw 3 of its levels.

You collected 92 gold pieces.

Inventory:

Hand Weapons
 a - a +1 dagger (weapon)
Armour
 p - a +0 pair of gloves (worn)
 r - a +0 leather armour (worn)
Wands
 b - a wand of paralysis (11)
 q - a wand of random effects (21)
Scrolls
 c - 2 scrolls of teleportation {unknown}
 e - 2 scrolls of blinking {unknown}
 f - 2 scrolls of identify {unknown}
 i - a scroll of immolation {unknown}
 j - 2 scrolls of remove curse {unknown}
 m - a scroll of fog {unknown}
Potions
 l - a potion of curing
 s - a potion of agility
Comestibles
 d - 6 rations


   Skills:
 + Level 1.9 Fighting
 * Level 2.6 Short Blades
 + Level 1.3 Armour
 + Level 2.4 Dodging
 + Level 3.9 Stealth
 - Level 1.7 Spellcasting
 - Level 2.4 Hexes


You had 6 spell levels left.
You knew the following spells:

 Your Spells              Type           Power        Failure   Level  Hunger
a - Corona                Hex            #......      16%         1    ##.....

Your spell library contained the following spells:

 Spells                   Type           Power        Failure   Level  Hunger
 Ensorcelled Hibernation  Hex/Ice        #.....       36%         2    ###....
 Confuse                  Hex            #.......     41%         3    ####...
 Tukima's Dance           Hex            #.......     41%         3    ####...
 Dazzling Spray           Conj/Hex       #.....       58%         3    ####...


Dungeon Overview and Level Annotations

Branches:
Dungeon (3/15)

Altars:


Innate Abilities, Weirdness & Mutations

Your body is rotting away.
You thrive on raw meat.
You are immune to poison.
You have sharp fingernails.
You are carnivorous and can eat meat at any time.
Your flesh is cold resistant. (rC+)
You are immune to negative energy. (rN+++)
You do not regenerate when monsters are visible.
You are immune to unholy pain and torment.
You can survive without breathing.


Message History

You feel a little less agile now. The goblin closely misses you.
The orc misses you.
You closely miss the goblin.
The goblin is heavily wounded.
The orc wizard casts a spell.
The orc wizard blinks!
The goblin hits you but does no damage.
The orc wizard gestures wildly while chanting.
The orc wizard blinks!
You hit the goblin.
You kill the goblin!
The orc closely misses you.
Things that are here:
a +0 dagger; a goblin corpse You barely miss the orc.
The orc closely misses you.
You hit the orc.
The orc is moderately wounded.
The orc closely misses you. The orc wizard closely misses you.
You butcher the goblin corpse.
The orc wizard barely misses you. The orc hits you with a +0 hand axe.
You die...

####..... ##........
###......... #?.....(....
#........... #...........
#)#......... #o#.....##..
#.@o.....# #
######........#
#.............#
#..............
#...........### #.#
######....### #.####
##.........# ##....#
#..#####...#### #...#.#
#...###........###...##.#


You could see an orc wizard and an orc.

Vanquished Creatures
  An orc priest (D:3)
  5 adders
  A worm (D:3)
  A dart slug (D:3)
  A leopard gecko (D:1)
  6 giant cockroaches
  7 goblins
  4 hobgoblins
  3 jackals (D:1)
  3 ball pythons
  8 bats
  A frilled lizard (D:3)
  4 kobolds
  11 rats
56 creatures vanquished.

Notes
Turn   | Place    | Note
-------+----------+-------------------------------------------
     0 | D:1      | Borgoz the Ghoul Enchanter began the quest for the Orb.
     0 | D:1      | Reached XP level 1. HP: 14/14 MP: 2/2
    29 | D:1      | Reached skill level 1 in Short Blades
   138 | D:1      | Reached XP level 2. HP: 22/22 MP: 3/3
   451 | D:1      | Reached skill level 1 in Fighting
   714 | D:2      | Reached XP level 3. HP: 25/28 MP: 4/4
  1045 | D:2      | Reached XP level 4. HP: 9/35 MP: 5/5
  1295 | D:2      | Reached skill level 1 in Armour
  1691 | D:3      | HP: 1/36 [orc priest/divine providence (13)]
  1707 | D:3      | Reached XP level 5. HP: 9/41 MP: 6/6
  1708 | D:3      | HP: 2/41 [orc/+0 hand axe (7)]
  1716 | D:3      | Slain by an orc

Skill      XL: |  1  2  3  4 |
---------------+-------------+-----
Short Blades   | 1 2 |  2.6
Dodging        | 2 |  2.4
Fighting       | 1 |  1.9
Armour         | 1 |  1.3
Stealth        | |  3.9
Spellcasting   | |  1.7
Hexes          | |  2.4

Action                   |  1- 3 |  4- 6 || total
-------------------------+-------+-------++-------
Melee: Dagger            |   124 |   135 ||   259
  Use: Potion            |       |    11 ||    11
 Stab: Sleeping          |     8 |     2 ||    10
  Eat: Chunk             |    20 |    13 ||    33
Armor: Robe              |    25 |     5 ||    30
       Leather armour    |       |    24 ||    24
Dodge: Dodged            |    89 |   114 ||   203
